 Dungeon Crawl Stone Soup version 0.30.1 (webtiles) character file.

Game seed: 4600894967031106346

49 Babbit the Shield-Bearer (level 3, 0/33 HPs)
             Began as a Minotaur Fighter on July 7, 2023.
             Constricted to death by a ball python (1 damage)
             ... on level 2 of the Dungeon.
             The game lasted 00:14:06 (939 turns).

Babbit the Shield-Bearer (Minotaur Fighter)          Turns: 939, Time: 00:14:07

Health: 0/33       AC:  8    Str: 20    XL:     3   Next: 51%
Magic:  2/2        EV:  6    Int:  5    God:
Gold:   35         SH:  4    Dex: 11    Spells: 2/2 levels left

rFire   . . .        a - +0 trident
rCold   . . .        c - +0 buckler
rNeg    . . .        b - +0 scale mail
rPois   .            (helmet restricted)
rElec   .            h - +0 cloak
rCorr   .            (no gloves)
SInv    .            (no boots)
Will    .....        (no amulet) Stlth
                     (no ring)
HPRegen 0.25/turn    (no ring)
MPRegen 0.08/turn

%: no passive effects
@: mighty, constricted
A: horns 2, retaliatory headbutt
a: no special abilities


You were on level 2 of the Dungeon.
You visited 1 branch of the dungeon, and saw 2 of its levels.

You collected 35 gold pieces.

Inventory:

Hand Weapons
 a - a +0 trident (weapon)
Missiles
 e - 12 stones
 f - 5 boomerangs (quivered)
 j - 4 large rocks
Armour
 b - a +0 scale mail (worn)
 c - a +0 buckler (worn)
 h - a +0 cloak (worn)
Scrolls
 g - a scroll of vulnerability {unknown}
 i - a scroll of poison {unknown}
 l - a scroll of magic mapping {unknown}
 n - a scroll of teleportation {unknown}
Potions
 k - a potion of mutation {unknown}
 m - a potion of lignification {unknown}
 o - a potion of curing {unknown}


   Skills:
 + Level 4.2 Fighting
 + Level 3.3 Polearms
 + Level 4.0 Armour
 + Level 4.2 Shields


You had 2 spell levels left.
You didn't know any spells.
Your spell library contained the following spells:

 Spells                   Type           Power      Damage    Failure   Level
 Call Canine Familiar     Summ           0%         N/A       99%         3
 Portal Projectile        Hex/Tloc       0%         N/A       99%         3
 Leda's Liquefaction      Hex/Erth       0%         N/A       100%        4


Dungeon Overview and Level Annotations

Branches:
Dungeon (2/15)

Altars:

Annotations:
D:2 Jessica, Terence


Innate Abilities, Weirdness & Mutations

You have a pair of horns on your head.
You reflexively headbutt those who attack you in melee.


Message History

You barely miss Terence.
Terence is severely wounded.
The ball python barely misses you. The ball python constricts you.
Terence closely misses you. You block the ball python's attack.
The ball python constricts you.
You closely miss Terence.
Terence is severely wounded.
Terence hits you with a +0 mace!
Jessica mumbles some strange words.
Jessica blinks!
The ball python bites you but does no damage.
The ball python constricts you. Terence closely misses you.
You hit Terence but do no damage. Your headbutt misses Terence.
Terence is severely wounded.
The ball python barely misses you. The ball python constricts you.
Terence hits you with a +0 mace!
The ball python bites you but does no damage.
The ball python constricts you.
You feel very mighty all of a sudden.
The ball python bites you but does no damage.
The ball python constricts you. Terence hits you with a +0 mace!
* * * LOW HITPOINT WARNING * * *
You barely miss Terence.
Terence is severely wounded.
The ball python barely misses you. The ball python constricts you.
Terence hits you with a +0 mace.
* * * LOW HITPOINT WARNING * * *
You barely miss Terence.
Terence is severely wounded.
The ball python closely misses you. The ball python constricts you.
Terence closely misses you. You block the ball python's attack.
The ball python constricts you.
You hit Terence.
Terence is almost dead.
Terence hits you with a +0 mace.
* * * LOW HITPOINT WARNING * * *
Jessica mumbles some strange words.
Jessica seems to speed up.
The ball python completely misses you. The ball python constricts you.
You die...

###.†......# #.##..#### #.
##...##...#...##........<
#..###..######.###............
#......##### #...####...)....#
#.###......# ###..# ##.....>.#
#..####.# ##.# #.......# #.#
#.## #.## ##..##### #.. #..###
#..# ##..# # .... ##@@@# ##.#
##.# # ..... ###S## #.### #.##
# ..... #..# #...# #.†### .###
##.# ###.#####..## ...
#.....##.## ...# #####...<##
..... ###.... ....## ##.#.
..... ....


You could see Terence, Jessica (fast) and a ball python.

Vanquished Creatures
  2 adders (D:2)
  A dart slug (D:2)
  5 ball pythons
  4 endoplasms
  2 giant cockroaches
  A goblin (D:1)
  2 hobgoblins (D:1)
  3 kobolds (D:1)
  2 quokkas (D:1)
  A frilled lizard (D:1)
  3 rats
26 creatures vanquished.

Notes
Turn   | Place    | Note
-------+----------+-------------------------------------------
     0 | D:1      | Babbit the Minotaur Fighter began the quest for the Orb.
     0 | D:1      | Reached XP level 1. HP: 19/19 MP: 0/0
    98 | D:1      | Reached XP level 2. HP: 21/27 MP: 1/1
   833 | D:2      | Reached XP level 3. HP: 33/33 MP: 2/2
   920 | D:2      | Noticed Terence
   923 | D:2      | Noticed Jessica
   937 | D:2      | HP: 1/33 [Terence/+0 mace (2)]
   939 | D:2      | Constricted to death by a ball python

Illustrated notes

Levels and vault maps discovered:
D:1:      dpeg_arrival_orchard, layout_loops_cross
D:2:      layout_rooms, uniq_terence, uniq_jessica

Skill      XL: |  1  2  3 |
---------------+----------+-----
Shields        | 4 |  4.2
Fighting       | 4 |  4.2
Polearms       | 3 |  3.3
Armour         | 4 |  4.0

Action                     || total
---------------------------++-------
  Melee: Trident           ||    69
         Headbutt          ||     9
    Use: Potion            ||     1
 Armour: Scale mail        ||    26
  Dodge: Dodged            ||    36
  Block: Buckler           ||    15
